 Dungeon Crawl Stone Soup version 0.29.0-4-gdea44cf6ec (webtiles) character file.

Game seed: 14078491777326260142

1624 qw the Cleaver (level 8, -4/46 HPs)
             Began as a Tengu Warper on Aug 29, 2022.
             Was a Believer of Okawaru.
             Slain by an ogre
             ... wielding a +0 giant club
              (24 damage)
             ... on level 6 of the Dungeon.
             The game lasted 00:01:43 (4556 turns).

qw the Cleaver (Tengu Warper)                       Turns: 4556, Time: 00:01:44

Health: -4/46      AC: 12    Str: 13    XL:     8   Next: 97%
Magic:  11/12      EV:  8    Int: 14    God:    Okawaru [**....]
Gold:   297        SH: 12    Dex: 14    Spells: 11/11 levels left

rFire   . . .      SeeInvis .   f - +3 hand axe (vamp)
rCold   . . .      Faith    .   h - +0 kite shield
rNeg    + . .      Spirit   .   b - +0 chain mail
rPois   .          Reflect  .   (helmet restricted)
rElec   .          Harm     .   (no cloak)
rCorr   .          Rampage  .   t - +0 pair of gloves
Will    .....                   (boots unavailable)
Stlth   ..........              i - amulet of regeneration
HPRegen 0.95/turn               s - ring of positive energy
MPRegen 0.13/turn               (no ring)

@: heroic, flying quickly and evasively, quick
A: beak, talons 3, nimble flight
a: Renounce Religion, Heroism


You were on level 6 of the Dungeon.
You worshipped Okawaru.
Okawaru was pleased with you.
You visited 1 branch of the dungeon, and saw 6 of its levels.

You collected 371 gold pieces.
You spent 74 gold pieces at shops.


Innate Abilities, Weirdness & Mutations

You have a beak for a mouth.
You have claws for feet.
Your magical nature lets you fly swiftly and evasively.


   Skills:
 - Level 3.2(8.2) Fighting
 - Level 8.0(13.0) Axes
 - Level 1.0(6.0) Throwing
 + Level 2.5(7.5) Armour
 - Level 2.1(7.1) Dodging
 - Level 5.8(10.8) Shields
 - Level 2.0 Spellcasting
 - Level 2.4 Translocations
 - Level 4.1 Invocations


You had 11 spell levels left.
You didn't know any spells.
Your spell library contained the following spells:

 Spells                   Type           Power      Damage    Failure   Level
 Blink                    Tloc           16%        N/A       99%         2
 Gell's Gravitas          Tloc           8%         N/A       100%        3
 Lesser Beckoning         Tloc           8%         N/A       100%        3
 Teleport Other           Tloc           8%         N/A       100%        3
 Manifold Assault         Tloc           8%         N/A       100%        5

Inventory:

Hand Weapons
 d - a +0 flail
 f - a +3 vampiric hand axe (weapon)
Missiles
 j - a boomerang
 o - 3 silver boomerangs (quivered)
Armour
 b - a +0 chain mail (worn)
 h - a +0 kite shield (worn)
 t - a +0 pair of gloves (worn)
Jewellery
 c - a ring of ice
 i - an amulet of regeneration (around neck)
 s - a ring of positive energy (left hand)
Scrolls
 a - a scroll of identify
Potions
 e - 2 potions of curing
 k - 2 potions of mutation
 m - a potion of degeneration {unknown}
 n - a potion of ambrosia {unknown}
 q - a potion of resistance {unknown}
 u - a potion of lignification {unknown}
 v - a potion of attraction {unknown}

Dungeon Overview and Level Annotations

Branches:
Dungeon (6/15)             Temple (0/1) D:4

Altars:
Ashenzari
Fedhas
Gozag
Kikubaaqudgha
Okawaru
Qazlal
Ru
Sif Muna
Xom
Yredelemnul
Zin

Shops:
D:3 *

Annotations:
D:6 Grinder


Message History

The bolt of electricity hits you.
You slash Grinder! You claw Grinder.
Grinder is moderately wounded.
You hit the hound.
You feel better.
A scorpion comes into view.
You block the hound's attack.
The centaur shoots an arrow.
You block the arrow.
You hit Grinder. You claw Grinder.
Grinder is moderately wounded.
You closely miss the hound. Grinder gestures at you.
Pain shoots through your body! You block the hound's attack.
You hit Grinder. Your kick misses Grinder.
Grinder is heavily wounded.
You hit the hound but do no damage. You block the hound's attack.
The electric eel shoots out a bolt of lightning at you!
The bolt of electricity hits you but does no damage.
Grinder gestures at you.
You are unaffected.
The hound bites you.
You slash Grinder!
Grinder is severely wounded.
You miss the hound. You hit the ogre but do no damage.
Grinder hits you but does no damage.
The electric eel shoots out a bolt of lightning at you!
The bolt of electricity hits you. You block the ogre's attack.
You block the hound's attack.
You closely miss Grinder. You claw Grinder, but do no damage.
Your peck misses Grinder.
Grinder is severely wounded.
You barely miss the ogre. You hit the hound.
You feel better. You block the hound's attack.
Grinder hits you but does no damage.
You hit Grinder. You claw Grinder. You peck Grinder.
Grinder is almost dead.
You slash the hound!
You feel better.
You kill the hound!
Okawaru accepts your kill.
You hit the centaur. You hit the ogre. You slash the ogre!
The ogre hits you with a +0 giant club!!
Ouch! That really hurt!
You die...

#.~..###~~~ #.~.....~~.
#.~_. .~.#.~....~~..
#.~.. .~.#.~...~.... #
#.~. #.~.#....S..~~ #.
#.~~ #.~.#.....~~.. #.~
...###.~.#5%c..$..}
#.~.####....~.#.@O..s.~~
#.~.....~~~~~.#..O...~..
##
#.~~~~~~......#......~..
#.
#.......#######.......~~
#.
########.......)........
#. ####............. #.
###.#...###~~~ #.
......## #~~ #. ####...#
## ##.


You could see Grinder, 2 ogres, a centaur, a scorpion and an electric eel.

Vanquished Creatures
  Maggie (D:6)
  2 black bears (D:5)
  An ogre (D:6)
  3 phantoms
  2 necrophages
  A scorpion (D:5)
  Blork the orc (D:6)
  4 hounds
  3 jellies (D:5)
  2 iguanas
  2 orc wizards
  4 gnolls (D:5)
  5 adders
  A shadow imp (D:5)
  An ufetubus (D:5)
  4 worms (D:2)
  2 dart slugs
  5 orcs
  12 ball pythons
  8 endoplasms
  A giant cockroach (D:1)
  4 hobgoblins
  3 jackals (D:3)
  3 quokkas
  7 bats
  6 frilled lizards
  4 goblins
  4 kobolds
  4 rats
100 creatures vanquished.

Vanquished Creatures (others)
  Sigmund (D:3)
1 creature vanquished.

Grand Total: 101 creatures vanquished

Notes
Turn   | Place    | Note
-------+----------+-------------------------------------------
     0 | D:1      | qw the Tengu Warper began the quest for the Orb.
     0 | D:1      | Reached XP level 1. HP: 12/12 MP: 4/4
     0 | D:1      | 0 ||| qw: Version: 0.1-a-89-g26bdef1
     0 | D:1      | 0 ||| qw: Game counter: 3633
     0 | D:1      | 0 ||| qw: Always use a shield: true
     0 | D:1      | 0 ||| qw: God list: Okawaru
     0 | D:1      | 0 ||| qw: Allow faded altars: false
     0 | D:1      | 0 ||| qw: Do Orc after D:15 true
     0 | D:1      | 0 ||| qw: Do second Lair branch before Depths: true
     0 | D:1      | 0 ||| qw: Lair rune preference: random
     0 | D:1      | 0 ||| qw: Plans: Normal
     0 | D:1      | 0 ||| PLANNING D:1-11
   370 | D:1      | Reached skill level 3 in Axes
   370 | D:1      | Reached XP level 2. HP: 17/17 MP: 6/6
   376 | D:1      | 376 ||| Stepping ~*~*~tactically~*~*~ (stealth).
   847 | D:1      | 847 ||| Stepping ~*~*~tactically~*~*~ (stealth).
   993 | D:1      | 993 ||| UPGRADING to +0 kite shield.
   998 | D:1      | 998 ||| READING 2 scrolls labelled DEOTUZ XINITHIR.
   999 | D:1      | 999 ||| READING 2 scrolls labelled XAJAIR MAESE.
  1002 | D:1      | 1002 ||| READING scroll labelled ZIETOGYR EXAFATO.
  1003 | D:1      | 1003 ||| DROPPING scroll of blinking.
  1170 | D:2      | 1170 ||| Stepping ~*~*~tactically~*~*~ (stealth).
  1171 | D:2      | 1171 ||| Stepping ~*~*~tactically~*~*~ (stealth).
  1185 | D:2      | Reached skill level 1 in Shields
  1225 | D:2      | Reached XP level 3. HP: 21/21 MP: 7/7
  1235 | D:2      | 1235 ||| Stepping ~*~*~tactically~*~*~ (stealth).
  1251 | D:2      | 1251 ||| FLEEEEING.
  1520 | D:2      | 1520 ||| Stepping ~*~*~tactically~*~*~ (stealth).
  1528 | D:2      | 1528 ||| FLEEEEING.
  1530 | D:2      | 1530 ||| FLEEEEING.
  1531 | D:2      | 1531 ||| FLEEEEING.
  1532 | D:2      | 1532 ||| FLEEEEING.
  1533 | D:2      | 1533 ||| FLEEEEING.
  1534 | D:2      | 1534 ||| FLEEEEING.
  1535 | D:2      | 1535 ||| FLEEEEING.
  1536 | D:2      | 1536 ||| FLEEEEING.
  1541 | D:2      | 1541 ||| FLEEEEING.
  1542 | D:2      | 1542 ||| FLEEEEING.
  1561 | D:2      | 1561 ||| STAIRDANCE
  1657 | D:1      | 1657 ||| UPGRADING to +0 ring mail.
  1667 | D:1      | 1667 ||| DROPPING +0 leather armour.
  1668 | D:1      | 1668 ||| UPGRADING to amulet of regeneration.
  1673 | D:1      | 1673 ||| READING 2 scrolls of identify.
  1673 | D:1      | 1673 ||| IDENTIFYING smoky coppery potion
  1674 | D:1      | 1674 ||| DROPPING potion of brilliance.
  1757 | D:2      | HP: 3/21 [worm (6)]
  1758 | D:2      | Reached XP level 4. HP: 4/26 MP: 8/8
  1758 | D:2      | 1758 ||| READING scroll of teleportation.
  1822 | D:2      | 1822 ||| Stepping ~*~*~tactically~*~*~ (stealth).
  1824 | D:2      | 1824 ||| Stepping ~*~*~tactically~*~*~ (stealth).
  1851 | D:2      | 1851 ||| SWAPPING to +2 vampiric hand axe.
  1852 | D:2      | 1852 ||| DROPPING +0 hand axe.
  1874 | D:2      | Reached skill level 4 in Axes
  2096 | D:2      | 2096 ||| UPGRADING to +0 chain mail.
  2106 | D:2      | 2106 ||| DROPPING +0 ring mail.
  2107 | D:2      | 2107 ||| READING scroll labelled MEFEMI GIWUZUDONI.
  2108 | D:2      | 2108 ||| READING 2 scrolls of identify.
  2108 | D:2      | 2108 ||| IDENTIFYING fuming dark potion
  2109 | D:2      | 2109 ||| READING scroll of teleportation.
  2138 | D:3      | 2138 ||| STAIRDANCE
  2328 | D:3      | 2328 ||| DROPPING +0 club.
  2373 | D:3      | Found a faded altar of an unknown god.
  2405 | D:3      | 2405 ||| Stepping ~*~*~tactically~*~*~ (stealth).
  2507 | D:3      | Found an iron altar of Okawaru.
  2511 | D:3      | Became a worshipper of Warmaster Okawaru
  2517 | D:3      | Found a basalt altar of Yredelemnul.
  2525 | D:3      | Found an ancient bone altar of Kikubaaqudgha.
  2532 | D:3      | Found an opulent altar of Gozag.
  2540 | D:3      | Found a shimmering blue altar of Sif Muna.
  2548 | D:3      | Found a shimmering altar of Xom.
  2553 | D:3      | Found a sacrificial altar of Ru.
  2661 | D:3      | 2661 ||| Stepping ~*~*~tactically~*~*~ (hiding).
  2675 | D:3      | Reached skill level 3 in Shields
  2675 | D:3      | Gained mutation: Your magical nature lets you fly swiftly
                  | and evasively. [Tengu growth]
  2675 | D:3      | Reached XP level 5. HP: 24/30 MP: 9/9
  2683 | D:3      | 2683 ||| DROPPING +0 whip.
  2687 | D:3      | Found Ceipniom's Assorted Antiques.
  2696 | D:3      | Noticed Sigmund
  2697 | D:3      | 2697 ||| BUYING orange potion (17 gold).
  2697 | D:3      | Bought an orange potion for 17 gold pieces
  2697 | D:3      | 2697 ||| BUYING scroll labelled NOISCH MIRPHORR (19 gold).
  2697 | D:3      | Bought a scroll labelled NOISCH MIRPHORR for 19 gold pieces
  2697 | D:3      | 2697 ||| BUYING scroll of identify (38 gold).
  2697 | D:3      | Bought a scroll of identify for 38 gold pieces
  2697 | D:3      | 2697 ||| Stepping ~*~*~tactically~*~*~ (hiding).
  2698 | D:3      | 2698 ||| Stepping ~*~*~tactically~*~*~ (hiding).
  2700 | D:3      | 2700 ||| Stepping ~*~*~tactically~*~*~ (hiding).
  2714 | D:3      | Killed Sigmund
  2715 | D:3      | Reached skill level 5 in Axes
  2715 | D:3      | Reached XP level 6. HP: 34/35 MP: 10/10
  2994 | D:3      | Found a broken altar of Ashenzari.
  2994 | D:3      | Found a blossoming altar of Fedhas.
  2994 | D:3      | Found a glowing silver altar of Zin.
  2995 | D:3      | 2995 ||| READING scroll labelled NOISCH MIRPHORR.
  2996 | D:3      | 2996 ||| READING scroll labelled JEJOUVV EMALU.
  2997 | D:3      | 2997 ||| READING 3 scrolls of identify.
  2997 | D:3      | 2997 ||| IDENTIFYING orange potion
  2998 | D:3      | 2998 ||| READING 2 scrolls of identify.
  2998 | D:3      | 2998 ||| IDENTIFYING smoky puce potion
  3123 | D:4      | Reached skill level 6 in Axes
  3158 | D:4      | 3158 ||| Stepping ~*~*~tactically~*~*~ (hiding).
  3166 | D:4      | 3166 ||| DRINKING 2 potions of curing.
  3166 | D:4      | 3166 ||| (to cure confusion)
  3240 | D:4      | Reached * piety under Okawaru
  3241 | D:4      | Reached XP level 7. HP: 36/40 MP: 11/11
  3270 | D:4      | Found a staircase to the Ecumenical Temple.
  3480 | D:4      | 3480 ||| DROPPING +1 ring mail of poison resistance.
  3481 | D:4      | 3481 ||| UPGRADING to ring of positive energy.
  3491 | D:5      | Entered Level 5 of the Dungeon
  3523 | D:5      | Reached skill level 1 in Invocations
  3613 | D:5      | 3613 ||| INVOKING Heroism.
  3650 | D:5      | 3650 ||| Stepping ~*~*~tactically~*~*~ (stealth).
  3654 | D:5      | 3654 ||| INVOKING Heroism.
  3671 | D:5      | 3671 ||| INVOKING Heroism.
  3674 | D:5      | Reached skill level 7 in Axes
  3730 | D:5      | Reached XP level 8. HP: 44/45 MP: 12/12
  3738 | D:5      | Reached skill level 3 in Invocations
  3748 | D:5      | 3748 ||| INVOKING Heroism.
  3848 | D:5      | 3848 ||| INVOKING Heroism.
  3855 | D:5      | Reached skill level 3 in Fighting
  3877 | D:5      | 3877 ||| INVOKING Heroism.
  4208 | D:5      | 4208 ||| UPGRADING to +0 pair of gloves.
  4213 | D:5      | 4213 ||| READING 2 scrolls labelled JOIGUI HOGIOPN.
  4214 | D:5      | 4214 ||| READING scroll of enchant weapon.
  4214 | D:5      | 4214 ||| ENCHANTING +2 vampiric hand axe.
  4215 | D:5      | 4215 ||| READING 2 scrolls of identify.
  4215 | D:5      | 4215 ||| IDENTIFYING bubbling purple potion
  4216 | D:5      | 4216 ||| DROPPING potion of flight.
  4227 | D:6      | Noticed Blork the orc
  4228 | D:6      | 4228 ||| INVOKING Heroism.
  4235 | D:6      | Killed Blork the orc
  4238 | D:6      | Reached ** piety under Okawaru
  4393 | D:6      | Reached skill level 8 in Axes
  4410 | D:6      | Noticed Maggie
  4412 | D:6      | 4412 ||| FLEEEEING.
  4413 | D:6      | 4413 ||| FLEEEEING.
  4414 | D:6      | 4414 ||| FLEEEEING.
  4415 | D:6      | 4415 ||| FLEEEEING.
  4422 | D:6      | 4422 ||| INVOKING Heroism.
  4422 | D:6      | HP: 11/46 [Maggie/bolt of fire (16)]
  4423 | D:6      | 4423 ||| READING scroll of teleportation.
  4425 | D:6      | 4425 ||| DRINKING 2 potions of heal wounds.
  4456 | D:6      | Found a stormy altar of Qazlal.
  4473 | D:6      | 4473 ||| INVOKING Heroism.
  4491 | D:6      | HP: 11/46 [Maggie/+1 glaive of flaming (4)]
  4492 | D:6      | 4492 ||| DRINKING potion of heal wounds.
  4504 | D:6      | 4504 ||| INVOKING Heroism.
  4504 | D:6      | HP: 8/46 [Maggie/+1 glaive of flaming (7)]
  4505 | D:6      | Killed Maggie
  4546 | D:6      | Noticed Grinder
  4547 | D:6      | 4547 ||| INVOKING Heroism.
  4556 | D:6      | Slain by an ogre

Levels and vault maps discovered:
D:1:      evilmike_arrival_rings, layout_loops_corners
D:2:      layout_basic, grunt_ministairs_2, minmay_joined_circles
D:3:      layout_basic, gammafunk_temple_overflow_claw,
          grunt_temple_overflow_octagram, serial_shops, nicolae_shop_stone,
          dreamdust_ecumenical_altar_statues, uniq_sigmund
D:4:      layout_basic, temple_green
D:5:      layout_basic
D:6:      cheibrodos_helix_gallery, layout_basic, nicolae_overflow_squiral,
          nicolae_lava_and_water, uniq_maggie, uniq_blork_the_orc, uniq_grinder

Skill      XL: |  1  2  3  4  5  6  7  8 |
---------------+-------------------------+-----
Axes           | 3 4 5 6 7 8 |  8.0
Shields        | 1 2 3 4 5 |  5.8
Armour         | 2 |  2.5
Invocations    | 2 4 |  4.1
Fighting       | 3 |  3.2
Throwing       | |  1.0
Dodging        | |  2.1
Spellcasting   | |  2.0
Translocations | |  2.4

Action                   |  1- 3 |  4- 6 |  7- 9 || total
-------------------------+-------+-------+-------++-------
Melee: Hand axe          |    63 |   106 |   148 ||   317
       Kick              |    13 |    26 |    54 ||    93
       Peck              |     9 |    27 |    28 ||    64
Throw: Boomerang         |     7 |    28 |    19 ||    54
Invok: Heroism           |       |       |    11 ||    11
  Use: Scroll            |     4 |     8 |     4 ||    16
       Potion            |       |     1 |     2 ||     3
Armor: Leather armour    |     6 |       |       ||     6
       Ring mail         |     2 |     5 |       ||     7
       Chain mail        |       |    33 |    40 ||    73
Dodge: Dodged            |    30 |    25 |    38 ||    93
Block: Kite shield       |    13 |    39 |    67 ||   119

Table legend:
 A = Non-vault XP
 B = Vault XP
 C = Vault XP percentage of total XP
 D = Non-vault monster count
 E = Vault monster count
 F = Vault count percentage of total count
                 A         B        C        D         E       F
            +---------+---------+-------+---------+---------+-------
      Total |    1593 |     770 |  32.6 |      84 |      17 |  16.8
            +---------+---------+-------+---------+---------+-------
        D:1 |      23 |       0 |   0.0 |      14 |       0 |   0.0
        D:2 |      34 |      58 |  63.0 |      19 |      14 |  42.4
        D:3 |      69 |     212 |  75.4 |      19 |       1 |   5.0
        D:4 |     281 |       0 |   0.0 |       7 |       0 |   0.0
        D:5 |     986 |       0 |   0.0 |      21 |       0 |   0.0
        D:6 |     200 |     500 |  71.4 |       4 |       2 |  33.3
            +---------+---------+-------+---------+---------+-------
